 Dungeon Crawl Stone Soup version 0.30-b1-2-g02819fbbbe (webtiles) character file.

Game seed: 2906029427558349847

1011 Flugkiller the Trooper (level 8, -2/71 HPs)
             Began as a Minotaur Fighter on May 8, 2023.
             Was an Initiate of Gozag.
             Slain by an ogre
             ... wielding a +0 giant spiked club
              (13 damage)
             ... on level 5 of the Dungeon.
             The game lasted 00:02:16 (3923 turns).

Flugkiller the Trooper (Minotaur Fighter)           Turns: 3923, Time: 00:02:17

Health: -2/71      AC:  9    Str: 27      XL:     8   Next: 1%
Magic:  7/7        EV: 14    Int:  4 (5)  God:    Gozag
Gold:   427        SH:  5    Dex: 11      Spells: 7/7 levels left

rFire   . . .        a - +0 war axe
rCold   . . .        c - +0 buckler
rNeg    . . .        b - +0 scale mail
rPois   .            (helmet restricted)
rElec   .            n - +0 cloak
rCorr   .            (no gloves)
SInv    .            (no boots)
Will    .....        (no amulet) Stlth
                     t - ring of Free Will {EV+5 Str+5}
HPRegen 0.31/turn    (no ring)
MPRegen 0.10/turn

%: no passive effects
@: no status effects
A: horns 2, retaliatory headbutt
a: Renounce Religion, Potion Petition, Call Merchant, Bribe Branch


You were on level 5 of the Dungeon.
You worshipped Gozag.
Gozag was aware of your devotion.
You visited 2 branches of the dungeon, and saw 6 of its levels.

You collected 481 gold pieces.
You paid 54 gold pieces to Gozag.

Inventory:

Hand Weapons
 a - a +0 war axe (weapon)
Missiles
 p - 2 throwing nets (quivered)
Armour
 b - a +0 scale mail (worn)
 c - a +0 buckler (worn)
 n - a +0 cloak (worn)
   (You took it off Crazy Yiuf on level 4 of the Dungeon)
Jewellery
 t - the ring of Free Will (left hand) {EV+5 Str+5}
   (You found it on level 5 of the Dungeon)

   [ring of evasion]

   EV:        It affects your evasion (+5).
   Str:       It affects your strength (+5).
Wands
 k - a wand of light (3)
   (You found it on level 4 of the Dungeon)
Scrolls
 f - 3 scrolls of teleportation {unknown}
 g - 2 scrolls of fog {unknown}
 h - 2 scrolls of immolation {unknown}
 i - a scroll of enchant weapon {unknown}
 j - 7 scrolls of identify {unknown}
Potions
 d - 2 potions of might
 e - a potion of lignification
 l - 2 potions of degeneration
 m - 2 potions of heal wounds {unknown}
 o - 2 potions of brilliance
 q - 2 potions of curing
 r - a potion of ambrosia {unknown}
 s - a potion of flight {unknown}


   Skills:
 * Level 6.9 Fighting
 * Level 6.4 Axes
 * Level 6.8 Armour
 + Level 5.5 Shields


You had 7 spell levels left.
You didn't know any spells.
Your spell library was empty.

Dungeon Overview and Level Annotations

Branches:
Dungeon (5/15)             Temple (1/1) D:4

Altars:
Ashenzari
Dithmenos
Elyvilon
Fedhas
Gozag
Hepliaklqana
Kikubaaqudgha
Makhleb
Nemelex Xobeh
Okawaru
Qazlal
Sif Muna
Trog
Uskayaw
Vehumet
Wu Jian
Xom
Yredelemnul
The Shining One

Shops:
D:2 [:=

Annotations:
D:5 Dowan, Duvessa


Innate Abilities, Weirdness & Mutations

You have a pair of horns on your head.
You reflexively headbutt those who attack you in melee.


Message History

The gnoll barely misses you.
You slice the gnoll!!
You kill the gnoll!
No target in view!
You now have 392 gold pieces (gained 24).
Items here: )))).
No target in view!
No target in view!
Items here: )))).
j - 7 scrolls labelled KAZOV ORAUZUGE (gained 1)
Found a large rock.
Found 13 stones. 2 ogres come into view.
Found a large rock and 14 stones.
The ogre shouts! x2
There are monsters nearby!
Found 23 stones and a large rock.
You see here a large rock.
The ogre hits you with a +0 giant club!
You barely miss the ogre. The ogre barely misses you.
You barely miss the ogre. The ogre misses you.
You hit the ogre.
The ogre is lightly wounded.
You slash the ogre! The ogre barely misses you.
You hit the ogre.
The ogre is moderately wounded.
You barely miss the ogre. The ogre closely misses you. You furiously retaliate!
You headbutt the ogre! The ogre barely misses you. You furiously retaliate!
You headbutt the ogre, but do no damage.
You slash the ogre!
You kill the ogre!
You completely miss the ogre. You hit the ogre.
The ogre is heavily wounded.
The ogre is distracted by your dazzling golden aura.
The ogre shouts!
You slash the ogre!
The ogre is no longer distracted by gold.
The ogre is severely wounded.
The ogre misses you. You furiously retaliate!
You headbutt the ogre!
You kill the ogre!
You feel your strength returning.
You have reached level 8!
You feel agile.
You now have enough gold to petition Gozag for potion effects.
You now have 410 gold pieces (gained 18).
Things that are here:
a +0 giant spiked club; 5 stones You now have 427 gold pieces (gained 17).
You see here a +0 giant club.
An ogre comes into view. It is wielding a +0 giant spiked club.
You see here the +6 shillelagh "Devastator" {shatter}.
An ogre is nearby!
An ogre is nearby!
An ogre is nearby!
The ogre shouts!
You hear a shout! x2
An ogre comes into view. It is wielding a +0 giant club.
The ogre shouts!
The ogre closely misses you.
You hit the ogre.
The ogre is lightly wounded.
Dowan, Brother of Duvessa comes into view.
He is wielding a +0 dagger.
Duvessa, Sister of Dowan comes into view.
She is wielding a +0 short sword.
You barely miss the ogre.
The ogre is lightly wounded.
Duvessa shouts!
The ogre hits you with a +0 giant spiked club.
You hit the ogre. You headbutt the ogre!
The ogre is heavily wounded.
The ogre misses you.
You barely miss the ogre.
The ogre is heavily wounded.
You closely miss the ogre. The ogre barely misses you.
The ogre hits you with a +0 giant spiked club!!
You barely miss the ogre. Your headbutt misses the ogre.
The ogre is heavily wounded.
You barely miss the ogre.
Dowan says, "Stay away from my face!"
The ogre closely misses you. x2
You hit the ogre.
The ogre is severely wounded.
You slash the ogre! The ogre closely misses you.
You hit the ogre.
The ogre is severely wounded.
You hit the ogre.
The ogre hits you with a +0 giant spiked club!!
You block the ogre's attack.
There are monsters nearby!
You hit the ogre but do no damage.
The ogre is severely wounded.
You slash the ogre! The ogre closely misses you.
You slash the ogre!
You headbutt the ogre, but do no damage.
The ogre is almost dead.
You hit the ogre.
The ogre hits you with a +0 giant club!!
* * * LOW HITPOINT WARNING * * *
The ogre hits you with a +0 giant spiked club!
You die...
Your body crumbles into a pile of gold.

...... #..## #..##.#
##.##.
######.8(######..).###
##.##..
.....#(.(#(..........##
......
#....#(..####.####...
##.##.
#...(..8(.###.####..#
##(..)).)##..........
##.###
#......8(...#.######.
......
...##((.#...####.# .
##.#.. .....e8@..#(#
#.# . .....#
.####.OO#.### #.# .
..#### ##.e#..# #.# .
#.# ....##.# #.. # #...
..... .. #.# ##..
...... #.# ### .
....... .# .........


You could see Duvessa, 2 ogres and Dowan.

Vanquished Creatures
  Sigmund (D:4)
  An ice beast (D:5)
  2 ogres (D:5)
  A bullfrog (D:4)
  A scorpion (D:5)
  2 hounds
  Crazy Yiuf (D:4)
  4 iguanas
  2 orc wizards (D:4)
  4 gnolls (D:5)
  5 adders
  6 worms
  3 dart slugs
  8 orcs
  7 ball pythons
  10 endoplasms
  5 giant cockroaches
  12 goblins
  9 hobgoblins
  8 jackals
  7 kobolds
  2 quokkas (D:4)
  5 bats
  8 rats
114 creatures vanquished.

Notes
Turn   | Place    | Note
-------+----------+-------------------------------------------
     0 | D:1      | Flugkiller the Minotaur Fighter began the quest for the
                  | Orb.
     0 | D:1      | Reached XP level 1. HP: 19/19 MP: 0/0
     1 | D:1      | Found a runed translucent door.
   106 | D:1      | Reached XP level 2. HP: 23/27 MP: 1/1
   717 | D:1      | Reached XP level 3. HP: 31/33 MP: 2/2
  1066 | D:2      | Reached XP level 4. HP: 41/41 MP: 3/3
  1125 | D:2      | Found Magraw's Book Shop.
  1131 | D:2      | Found Jeirraimp's Jewellery Shop.
  1258 | D:3      | Found a radiant altar of Vehumet.
  1343 | D:3      | Found a blossoming altar of Fedhas.
  1650 | D:2      | Found Leneg's Antique Armour Emporium.
  2038 | D:4      | Found a staircase to the Ecumenical Temple.
  2039 | D:4      | Noticed a bullfrog
  2045 | D:4      | Killed a bullfrog
  2046 | D:4      | Reached skill level 5 in Fighting
  2046 | D:4      | Reached XP level 5. HP: 46/48 MP: 4/4
  2052 | Temple   | Entered the Ecumenical Temple
  2213 | D:4      | Reached skill level 5 in Armour
  2246 | Temple   | Became a worshipper of Gozag Ym Sagoz the Greedy
  2299 | D:4      | Found a glowing golden altar of the Shining One.
  2302 | D:4      | Found a bloodstained altar of Trog.
  2305 | D:4      | Found an iron altar of Okawaru.
  2308 | D:4      | Found a burning altar of Makhleb.
  2593 | D:4      | Reached XP level 6. HP: 56/56 MP: 5/5
  2671 | D:4      | Noticed Sigmund
  2695 | D:4      | Killed Sigmund
  2696 | D:4      | Reached skill level 5 in Axes
  2907 | D:4      | Found a runed translucent door.
  2908 | D:4      | Noticed Crazy Yiuf
  3196 | D:4      | Killed Crazy Yiuf
  3197 | D:4      | Reached XP level 7. HP: 17/62 MP: 6/6
  3398 | D:5      | Entered Level 5 of the Dungeon
  3409 | D:5      | Reached skill level 5 in Shields
  3480 | D:5      | Identified the ring of Free Will {EV+5 Str+5}
  3868 | D:5      | Found the +6 shillelagh "Devastator" {shatter}
  3880 | D:5      | Reached XP level 8. HP: 62/71 MP: 7/7
  3915 | D:5      | Noticed Dowan
  3915 | D:5      | Noticed Duvessa
  3923 | D:5      | Slain by an ogre

Illustrated notes

Levels and vault maps discovered:
D:1:      dpeg_arrival_caged_fury, layout_rooms, roderic_lattice_a
D:2:      layout_basic, serial_shops, shop, shop, nicolae_shop_stone
D:3:      layout_rooms, fedhas_ov_isle_minmay, mainiacjoe_overflow_paths,
          grunt_decor_cap, minmay_stone_trees_small
D:4:      nicolae_cairo_tiling_large_dashed, layout_cave_pods,
          grunt_temple_overflow_cloverleaf, temple_statues, serial_column_ruins,
          column_ruins_hut, column_ruins_hut_pillars, column_ruins_grid_1,
          column_ruins_corridor_corner, column_ruins_open_large,
          column_ruins_corridor_corner, column_ruins_open_small_water,
          minmay_surrounded, uniq_sigmund, uniq_crazy_yiuf_cottage
D:5:      minmay_diamond_boxcup, layout_rooms, dilly_guarded_unrand_devastator,
          uniq_duvessa, uniq_prince_ribbit1
Temple:   cyrus_circular_temple

Skill      XL: |  1  2  3  4  5  6  7 |
---------------+----------------------+-----
Fighting       | 4 5 6 |  6.9
Axes           | 3 4 5 6 |  6.4
Armour         | 4 5 6 |  6.8
Shields        | 4 5 |  5.5

Action                     |  1- 3 |  4- 6 |  7- 9 || total
---------------------------+-------+-------+-------++-------
  Melee: War axe           |    87 |   114 |    54 ||   255
         Headbutt          |     9 |    15 |     9 ||    33
    Use: Potion            |       |     6 |       ||     6
 Armour: Scale mail        |    36 |    38 |    10 ||    84
         Skin              |       |     8 |       ||     8
  Dodge: Dodged            |    39 |    46 |    27 ||   112
  Block: Buckler           |    17 |    24 |     9 ||    50
